Map: Shrines of Lizul

Players

gray

  • Race: Zerg Zerg

computer

  • Race: Zerg Zerg

neulaender - Winner!

  • Race: Zerg Zerg

Baumdoktor - Winner!

  • Race: Protoss Protoss

VOD

Have the link to the VOD?

Description

Time

  • Played on: Oct. 21, 2016, 3:25 p.m.
  • Length: 20:36
Show
View Real Time Build Order
Export as new Build Order

gray Zerg 

Build Orders: Pool First, Zergling Baneling 

Get SALT Encoding   

  12  0:01  Drone  
  13  0:10  Drone  
  14  0:24  Extractor, Drone  
  14  0:26  Overlord  
  15  0:45  Drone x2  
  17  0:52  Spawning Pool  
  16  1:07  Drone  
  16  1:10  Extractor  
  16  1:24  Drone  
  17  1:43  Queen  
  17  1:45  Zergling x6  
  22  2:13  Baneling Nest  
  21  2:16  Unknown, Hatchery  
  20  2:23  Zergling x4  
  21  3:00  Zergling x2  
  21  3:02  Overlord  
  21  3:03  Overlord  
  20  3:28  Unknown  
  20  3:40  Zergling x2  
  20  3:41  Zergling x4  
  21  3:54  Spine Crawler  
  21  3:55  Queen  
  22  3:57  Spore Crawler  
  22  3:59  Zergling x4  
  22  4:00  Zergling x2  
  24  4:06  Zergling x6  
  27  4:15  Baneling  
  27  4:22  Baneling x3  
  27  4:26  Baneling x4  
  27  4:28  Baneling  
  27  4:29  Baneling x5  
  27  4:43  Drone x2  
  27  4:44  Drone x4  
  29  5:38  Zergling x10  
  34  5:59  Metabolic Boost  
  28  6:28  Baneling  
  28  6:29  Baneling x9  
  28  6:33  Extractor  
  27  6:43  Unknown, Hatchery  
  21  6:47  Baneling  
  21  7:04  Unknown, Hatchery  
  20  7:25  Roach Warren  
  20  7:26  Zergling x6  
  20  7:55  Unknown  
  17  8:06  Roach  
  17  8:07  Roach x4  
  27  8:15  Unknown  
  27  8:30  Roach x2  
  27  8:43  Roach x3  
  21  8:58  Roach x2  
  25  9:13  Roach x2  
  25  9:14  Roach  
  25  9:35  Spore Crawler  
  24  9:41  Drone x2  
  24  9:42  Drone  
  24  9:43  Queen  
  29  9:48  Roach x3  
  35  10:12  Drone  
  36  10:19  Queen  
  24  10:40  Roach  
  24  10:41  Roach x2  
  30  10:43  Zergling x2  
  30  10:44  Zergling x4  
  32  11:06  Overlord x2  
  28  11:56  Unknown, Hatchery  
  12  12:32  Zergling x10  
  12  12:33  Zergling x2  
  15  13:01  Zergling x2  
  15  13:02  Zergling x8  
  18  13:19  Drone  
  18  13:20  Drone  
  19  13:33  Unknown, Hatchery  
  13  13:48  Drone  
  13  13:49  Drone x2  
  16  14:07  Queen  
  18  14:17  Unknown, Hatchery  
  17  14:47  Spine Crawler x2  
  17  14:50  Zergling x10  
  20  15:08  Drone x2  
  22  15:29  Unknown  
  22  15:36  Zergling x6  
  23  15:52  Drone x2  
  23  15:56  Drone  
  26  16:08  Drone  
  27  16:24  Drone  
  27  16:25  Drone  
  23  16:41  Roach, Zergling x2  
  23  16:43  Zergling x2  
  26  17:11  Zergling x10  
  26  17:12  Zergling x12  
  26  17:13  Zergling x2  
  38  17:37  Drone x3  
  38  17:38  Drone  
  42  17:59  Extractor  
  42  18:00  Extractor  
  40  18:07  Zergling x10  
  33  18:40  Zergling x10  
  33  18:41  Zergling x2  
  36  18:46  Roach x3  
  36  18:47  Zergling x2  
  14  19:24  Spine Crawler x2  
  14  19:25  Spine Crawler  
  14  19:27  Spine Crawler x2  
  14  19:30  Spine Crawler  
  6  19:32  Spine Crawler, Drone  
Show
View Real Time Build Order
Export as new Build Order

computer Zerg 

Build Orders: Pool First 

Get SALT Encoding   

  12  0:01  Drone  
  13  0:10  Drone  
  13  0:13  Extractor  
  13  0:16  Drone  
  14  0:35  Spawning Pool  
  13  0:38  Drone  
  14  0:47  Overlord  
  14  1:21  Metabolic Boost  
  14  1:23  Zergling x6  
  17  1:26  Queen  
  19  1:35  Zergling x2  
  20  1:45  Zergling x2  
  21  1:58  Zergling x2  
  22  2:14  Zergling x2  
  21  2:43  Zergling x2  
  22  2:45  Overlord  
  18  3:05  Unknown, Hatchery  
  18  3:07  Drone x3  
  19  3:15  Unknown, Hatchery  
  18  3:27  Zergling x2  
  18  3:28  Zergling x4  
  21  3:45  Zergling x2  
  22  3:51  Zergling x2  
  23  3:56  Zergling x2  
  23  4:00  Zergling x4  
  24  4:17  Unknown  
  24  4:24  Overlord  
  24  4:26  Unknown  
  24  4:36  Drone x3  
  24  4:37  Drone x5  
  32  4:40  Drone x2  
  32  4:41  Queen  
  32  4:43  Queen  
  38  4:49  Roach Warren  
  38  4:50  Extractor  
  35  4:55  Drone x3  
  30  5:38  Drone  
  30  5:39  Drone x2  
  30  5:42  Extractor  
  32  5:47  Extractor  
  32  5:49  Unknown, Hatchery  
  30  5:56  Drone  
  33  5:57  Drone x2  
  33  6:02  Extractor  
  33  6:03  Extractor  
  31  6:06  Drone x4  
  31  6:07  Drone  
  36  6:29  Drone x3  
  36  6:30  Drone  
  40  6:41  Lair  
  40  6:43  Roach x2  
  44  6:49  Overlord x2  
  44  6:50  Overlord x2  
  44  6:59  Overlord x2  
  44  7:00  Unknown  
  44  7:02  Drone  
  45  7:13  Drone x4  
  45  7:14  Drone  
  50  7:16  Drone  
  51  7:29  Queen  
  53  7:32  Roach x3  
  53  7:33  Roach  
  61  7:41  Roach x3  
  67  7:50  Zergling x6  
  67  7:51  Zergling x6  
  73  7:58  Zergling x2  
  73  7:59  Zergling x8  
  69  8:23  Roach x7  
  69  8:24  Roach x2  
  72  8:32  Zergling x6  
  69  8:39  Roach x2  
  73  8:49  Zergling x2  
  73  8:50  Zergling x4  
  65  9:10  Zergling x14  
  65  9:11  Zergling x8  
  71  9:34  Roach x6  
  79  9:52  Roach x4  
  86  10:06  Roach x5  
  74  10:28  Drone  
  74  10:29  Drone x5  
  74  10:31  Queen  
  80  10:40  Spire  
  79  10:45  Drone x4  
  83  10:51  Roach x2  
  83  10:54  Overlord  
  87  11:00  Roach x2  
  91  11:08  Zergling x14  
  98  11:21  Roach x4  
  106  11:27  Overlord x2  
  106  11:37  Overlord x3  
  106  11:38  Overlord  
  106  11:45  Overlord x2  
  106  11:53  Mutalisk x2  
  106  11:54  Mutalisk x6  
  122  12:08  Mutalisk  
  122  12:09  Mutalisk x7  
  122  12:12  Mutalisk x2  
  98  12:50  Mutalisk  
  98  12:51  Mutalisk x10  
  98  12:52  Mutalisk x3  
  116  13:06  Mutalisk x4  
  120  13:14  Mutalisk  
  114  13:27  Spire  
  113  14:04  Drone x2  
  113  14:05  Drone  
  98  14:44  Zergling x4  
  98  14:45  Zergling x2  
  73  15:46  Roach  
  73  15:47  Roach x2  
  66  16:23  Drone x2  
  66  16:24  Drone  
  63  16:37  Mutalisk  
  65  16:53  Unknown, Hatchery  
  63  16:57  Unknown, Hatchery  
  63  16:58  Unknown, Hatchery  
  56  17:04  Mutalisk  
  56  17:05  Mutalisk  
  40  17:15  Drone  
  40  17:16  Drone x3  
  44  17:33  Drone  
  41  18:05  Unknown  
  36  18:08  Unknown  
  36  18:10  Unknown  
  19  18:36  Unknown, Hatchery  
  18  18:50  Spawning Pool  
  19  19:24  Drone  
  17  19:48  Unknown  
Show
View Real Time Build Order
Export as new Build Order

neulaender Zerg - Winner!

Build Orders: Hatch First 

Get SALT Encoding   

  12  0:01  Drone  
  13  0:12  Overlord  
  13  0:20  Drone  
  14  0:31  Drone x2  
  16  0:36  Drone  
  17  0:46  Drone  
  18  1:00  Unknown, Hatchery  
  18  1:01  Drone  
  18  1:07  Extractor  
  17  1:16  Spawning Pool  
  16  1:19  Drone  
  16  1:23  Drone  
  18  1:31  Drone  
  19  1:39  Overlord  
  19  1:52  Drone  
  20  2:05  Spine Crawler x2  
  20  2:07  Zergling x2  
  19  2:11  Unknown  
  19  2:14  Zergling x4  
  21  2:22  Metabolic Boost  
  21  2:23  Zergling x2  
  21  2:24  Zergling x2  
  21  2:29  Queen  
  25  2:35  Zergling x4  
  26  2:54  Zergling x6  
  27  3:01  Zergling x2  
  27  3:02  Queen  
  29  3:07  Zergling x4  
  31  3:23  Evolution Chamber  
  30  3:28  Evolution Chamber, Drone x2  
  30  3:29  Extractor  
  30  3:36  Zergling x2  
  30  3:37  Zergling x2  
  26  4:22  Zergling x2  
  26  4:23  Zergling x20  
  35  4:27  Overlord  
  35  4:35  Zerg Melee Weapons Level 1  
  35  4:47  Roach Warren  
  33  5:12  Zerg Ground Armor Level 1  
  22  5:42  Drone x3  
  24  5:43  Drone  
  24  5:44  Roach x4  
  24  5:47  Drone  
  33  6:03  Roach x2  
  37  6:14  Roach x2  
  39  6:27  Roach x2  
  43  6:35  Lair  
  43  6:36  Drone  
  44  6:41  Overlord  
  44  6:46  Zerg Missile Weapons Level 1  
  44  6:55  Overlord  
  44  6:59  Drone  
  44  7:00  Drone  
  46  7:07  Roach x3  
  52  7:20  Overlord  
  52  7:22  Overlord  
  52  7:23  Roach  
  52  7:24  Roach x2  
  58  7:41  Drone x3  
  58  7:42  Drone x2  
  58  7:44  Zergling x10  
  64  7:47  Overlord  
  64  7:48  Overlord  
  68  7:58  Overlord  
  68  8:19  Drone  
  65  8:21  Glial Reconstitution  
  65  8:22  Unknown, Hatchery  
  65  8:23  Zerg Melee Weapons Level 2  
  65  8:25  Zergling x8  
  65  8:29  Zergling x2  
  65  8:39  Zergling x2  
  65  8:40  Zergling x10  
  68  8:58  Zergling x2  
  68  8:59  Zergling x8  
  70  9:09  Zerg Missile Weapons Level 2  
  44  9:31  Drone x3  
  44  9:33  Unknown  
  44  9:35  Queen, Drone  
  48  9:42  Roach x9  
  66  9:56  Zergling x4  
  66  9:57  Zergling x4  
  66  10:03  Zergling x2  
  60  10:14  Roach x4  
  60  10:15  Roach x4  
  71  10:28  Drone x2  
  73  10:29  Roach x3  
  79  10:44  Zergling x2  
  79  10:45  Zergling x12  
  85  10:58  Roach x6  
  97  11:07  Overlord x2  
  97  11:08  Overlord  
  98  11:32  Roach  
  98  11:33  Roach x9  
  98  11:34  Zergling x8  
  98  11:35  Zergling x2  
  121  11:54  Overlord x3  
  121  11:55  Overlord  
  121  12:00  Hydralisk Den  
  120  12:04  Overlord x3  
  117  12:28  Spore Crawler  
  110  12:30  Spore Crawler  
  110  12:31  Spore Crawler  
  110  12:34  Spore Crawler  
  110  12:35  Spore Crawler  
  103  12:37  Spore Crawler  
  103  12:39  Spore Crawler  
  99  13:14  Unknown, Hatchery  
  67  13:27  Zergling x12  
  67  13:28  Zergling x12  
  73  13:41  Muscular Augments  
  45  13:50  Drone x4  
  48  14:09  Extractor x2  
  35  14:18  Zerg Ground Armor Level 2  
  35  14:20  Drone x2  
  35  14:21  Drone  
  35  14:22  Drone  
  35  14:24  Drone  
  38  14:25  Unknown  
  38  14:26  Drone  
  38  14:28  Drone  
  36  14:39  Hydralisk x2  
  35  14:46  Spore Crawler  
  26  15:10  Zergling x2  
  26  15:11  Zergling x6  
  30  15:19  Drone x2  
  31  15:23  Zergling x2  
  32  15:36  Zergling x4  
  32  15:37  Zergling x2  
  34  15:49  Drone  
  31  15:51  Zergling x4  
  31  15:52  Zergling x4  
  35  15:58  Hydralisk  
  33  16:20  Hydralisk x2  
  39  16:28  Drone x2  
  39  16:31  Drone x2  
  32  17:00  Drone x4  
  35  17:10  Hydralisk x5  
  35  17:11  Zergling x2  
  35  17:12  Zergling x18  
  52  17:22  Zergling x4  
  54  17:27  Drone  
  41  18:43  Zergling x2  
  41  18:44  Zergling x16  
  50  18:49  Zergling x2  
  50  18:55  Drone  
  51  19:16  Unknown, Hatchery  
  50  19:28  Spore Crawler  
  48  19:34  Zergling x6  
  48  19:35  Zergling x12  
  56  20:03  Unknown, Hatchery  
  42  20:28  Unknown x2, Hatchery  
Show
View Real Time Build Order
Export as new Build Order

Baumdoktor Protoss - Winner!

Build Orders: 1 Gate Expand 

Get SALT Encoding   

  12  0:02  Probe (Chrono Boost)  
  13  0:12  Probe (Chrono Boost)  
  14  0:21  Pylon  
  14  0:24  Probe (Chrono Boost)  
  15  0:39  Probe (Chrono Boost)  
  16  0:43  Gateway  
  16  0:49  Probe (Chrono Boost)  
  17  1:00  Probe (Chrono Boost)  
  18  1:19  Nexus, Unknown  
  18  1:22  Pylon  
  18  1:38  Assimilator  
  19  1:40  Probe (Chrono Boost), Cybernetics Core  
  19  1:48  Assimilator  
  19  1:50  Probe (Chrono Boost)  
  19  1:53  Zealot  
  21  2:30  Unknown  
  10  2:56  Zealot  
  9  3:13  Probe (Chrono Boost)  
  9  3:23  Probe (Chrono Boost)  
  9  3:24  Probe (Chrono Boost)  
  11  3:31  Warp Gate  
  11  3:34  Probe x2 (Chrono Boost)  
  13  3:45  Probe (Chrono Boost)  
  15  3:55  Probe (Chrono Boost)  
  15  4:06  Probe x2 (Chrono Boost)  
  17  4:16  Probe (Chrono Boost)  
  19  4:18  Probe (Chrono Boost)  
  19  4:21  Zealot  
  21  4:27  Probe (Chrono Boost)  
  24  4:33  Mothership Core (Chrono Boost)  
  9  5:10  Probe (Chrono Boost)  
  11  5:22  Probe (Chrono Boost)  
  11  5:23  Gateway  
  12  5:28  Probe (Chrono Boost)  
  12  5:34  Probe (Chrono Boost)  
  13  5:46  Probe (Chrono Boost)  
  14  5:56  Gateway  
  15  5:58  Probe (Chrono Boost)  
  15  5:59  Probe (Chrono Boost)  
  16  6:10  Probe x2 (Chrono Boost)  
  18  6:23  Probe (Chrono Boost)  
  18  6:25  Stalker  
  21  6:34  Stalker  
  23  6:58  Stalker x2  
  27  7:06  Probe (Chrono Boost)  
  29  7:08  Probe (Chrono Boost)  
  29  7:18  Probe (Chrono Boost)  
  29  7:19  Probe (Chrono Boost)  
  31  7:26  Stalker  
  34  7:30  Probe (Chrono Boost)  
  34  7:42  Probe (Chrono Boost)  
  35  7:50  Pylon  
  36  8:06  Probe x2 (Chrono Boost)  
  36  8:10  Stalker x3  
  39  8:17  Probe (Chrono Boost)  
  39  8:18  Probe (Chrono Boost)  
  37  8:27  Probe (Chrono Boost)  
  37  8:30  Probe (Chrono Boost)  
  37  8:46  Stalker  
  37  8:47  Stalker  
  41  8:50  Zealot  
  37  9:03  Gateway  
  37  9:05  Gateway  
  37  9:07  Gateway  
  37  9:10  Pylon  
  37  9:13  Pylon  
  37  9:16  Probe (Chrono Boost)  
  38  9:19  Stalker, Assimilator  
  38  9:21  Assimilator  
  40  9:28  Probe (Chrono Boost)  
  39  9:34  Zealot x2  
  42  9:40  Probe (Chrono Boost)  
  35  9:46  Zealot  
  35  9:52  Probe (Chrono Boost)  
  36  9:56  Stalker x2  
  40  10:05  Stalker x3  
  44  10:28  Stalker  
  44  10:29  Stalker x2  
  44  10:33  Stalker  
  53  10:44  Probe (Chrono Boost)  
  53  10:45  Probe (Chrono Boost)  
  54  10:55  Probe (Chrono Boost)  
  54  10:56  Probe (Chrono Boost)  
  56  11:06  Probe (Chrono Boost)  
  57  11:11  Nexus, Unknown  
  57  11:16  Probe (Chrono Boost)  
  57  11:18  Stalker x2  
  62  11:29  Pylon  
  62  11:37  Pylon  
  62  11:43  Pylon  
  62  11:47  Pylon  
  62  11:48  Probe (Chrono Boost)  
  63  11:55  Twilight Council  
  63  11:58  Probe (Chrono Boost), Pylon  
  63  12:00  Pylon x2  
  64  12:04  Pylon  
  64  12:09  Probe (Chrono Boost)  
  65  12:19  Probe (Chrono Boost)  
  64  12:23  Unknown  
  64  12:43  Stalker x3  
  64  12:44  Stalker x3  
  64  13:02  Blink  
  58  13:07  Stalker x2  
  58  13:08  Stalker x4  
  70  13:26  Templar Archives  
  70  13:34  Assimilator  
  70  13:35  Probe (Chrono Boost)  
  70  13:36  Assimilator  
  71  13:46  Probe (Chrono Boost)  
  72  13:57  Probe (Chrono Boost)  
  73  14:04  High Templar x2  
  73  14:05  High Templar  
  73  14:07  Probe (Chrono Boost), High Templar  
  82  14:12  Archon  
  82  14:15  Archon  
  82  14:18  Probe (Chrono Boost)  
  83  14:28  Probe (Chrono Boost)  
  83  14:29  Zealot x2  
  88  14:39  Probe (Chrono Boost)  
  89  14:49  High Templar x2  
  89  14:50  High Templar  
  95  15:14  Archon  
  95  15:17  Stalker x3  
  53  16:10  Charge  
  53  16:26  Pylon  
  53  16:30  Pylon  
  53  16:38  Gateway  
  53  16:39  Gateway  
  53  16:42  Gateway  
  53  16:45  Gateway  
  53  16:46  Stalker x2  
  57  17:09  Pylon  
  57  17:11  Pylon  
  57  17:15  High Templar x2  
  61  17:27  Archon  
  61  17:36  High Templar  
  61  17:37  High Templar x3  
  54  17:45  Archon  
  49  18:12  Probe x2 (Chrono Boost)  
  52  18:13  Probe (Chrono Boost)  
  52  18:22  Probe x2 (Chrono Boost)  
  52  18:25  Probe (Chrono Boost)  
  55  18:33  Probe x2 (Chrono Boost)  
  56  18:37  Probe (Chrono Boost)  
  57  18:43  Probe (Chrono Boost)  
  57  18:44  Probe (Chrono Boost)  
  60  18:49  Probe (Chrono Boost)  
  58  19:10  Archon  
  58  19:40  Stalker x2  
  58  19:41  Stalker  
  64  20:11  High Templar x2  
  64  20:12  High Templar x2  
  70  20:16  Archon x2  
Tags
 
Add a new tag
Caveats
  • Supply blocks, unpowered buildings, or Contaminate may cause inaccurate times.
  • Supply counts are checked every 10 seconds.